 Dungeon Crawl Stone Soup version 0.24.1-1-gd1d2a07e1b (webtiles) character file.

Game seed: 9604738487921631980, levelgen mode: deterministic

168 Descartes the Sneak (level 5, 0/25 HPs)
             Began as a Felid Monk on Apr 10, 2020.
             Slain by Pikel
             ... wielding a +2 whip of electrocution
              (9 damage)
             ... on level 4 of the Dungeon.
             The game lasted 00:09:39 (4716 turns).

Descartes the Sneak (Felid Monk)                    Turns: 4716, Time: 00:09:39

Health: 0/25       AC:  2    Str:  9    XL:     5   Next: 23%
Magic:  6/6        EV: 21    Int: 11    God:
Gold:   194        SH:  3    Dex: 19    Spells: 4/4 levels left
                                        Lives:  0   Deaths: 1

rFire    . . .     SeeInvis +     - Unarmed
rCold    . . .     Gourm    .   (shield unavailable)
rNeg     . . .     Faith    .   (armour unavailable)
rPois    .         Spirit   .   (helmet unavailable)
rElec    .         Reflect  +   (cloak unavailable)
rCorr    .         Harm     .   (gloves unavailable)
MR       .....                  (boots unavailable)
Stlth    ++++......             m - +3 amulet of reflection
HPRegen  0.08/turn              (no ring)
MPRegen  0.10/turn              (no ring)

@: quick
A: very small, no armour, no weapons or thrown items, stealth, claws 1, fangs 3,
see invisible, carnivore, speed 1, shaggy fur 2, slow metabolism 1, sharp paws
a: no special abilities


You were on level 4 of the Dungeon.
You were not hungry.

You visited 1 branch of the dungeon, and saw 4 of its levels.

You collected 194 gold pieces.

Inventory:

Jewellery
 m - a +3 amulet of reflection (around neck)
Scrolls
 e - 3 scrolls of identify {unknown}
 g - 2 scrolls of immolation {unknown}
 i - 2 scrolls of amnesia {unknown}
 j - 3 scrolls of enchant armour {unknown}
 k - a scroll of remove curse {unknown}
 l - a scroll of noise {unknown}
 p - 4 scrolls of teleportation {unknown}
Potions
 b - a potion of curing
 d - a potion of invisibility {unknown}
 f - a potion of brilliance {unknown}
 h - a potion of flight
 o - a potion of heal wounds
Comestibles
 a - 7 rations


   Skills:
 + Level 3.8 Fighting
 + Level 5.1 Dodging
 * Level 5.8 Stealth
 * Level 4.7 Unarmed Combat


You had 4 spell levels left.
You didn't know any spells.
Your spell library was empty.

Dungeon Overview and Level Annotations

Branches:
Dungeon (4/15)
 Temple: D:4-7

Altars:
Elyvilon
Fedhas
Gozag
Hepliaklqana
Nemelex Xobeh
Okawaru
Ru
Sif Muna
Vehumet

Annotations:
D:4 Pikel


Innate Abilities, Weirdness & Mutations

You cannot wear armour.
You are incapable of wielding weapons or throwing items.
Your paws allow you to move quietly. (Stealth)
You have sharp claws.
You have razor-sharp teeth.
You have supernaturally acute eyesight. (SInv)
You are carnivorous and can eat meat at any time.
You cover ground quickly.
You are covered in thick fur. (AC +2)
You have a slow metabolism.
Your sharp claws are effective at attacking unaware monsters.


Message History

Pikel hits you with a +2 whip of electrocution.
You closely miss Pikel.
Pikel is almost dead.
Pikel closely misses you.
You barely miss Pikel.
Pikel is almost dead.
Pikel hits you with a +2 whip of electrocution.
You scratch Pikel but do no damage.
Pikel is almost dead.
Pikel completely misses you.
You scratch Pikel.
Pikel is almost dead.
You closely miss Pikel.
Pikel is almost dead.
Pikel barely misses you.
You scratch Pikel.
Pikel is almost dead.
Pikel hits you with a +2 whip of electrocution.
You are electrocuted!
You die...

#.#.#.....#
##########
#.#[##.#K##
#.......# ###
#...##.#.#
#.#####.####.#
###......#
#.##.........#
####K#####
#.##.##.######
#.....#
#.##.##.#
#####[#
#.......#
#.#######.####
#....K@...#
###########


You could see Pikel.

Vanquished Creatures
  A slave (D:4)
  2 orc wizards (D:4)
  Ijyb (D:4)
  Natasha (twice) (D:3)
  Robin (D:2)
  3 gnolls (D:3)
  6 adders
  An ooze (D:2)
  A worm (D:2)
  4 orcs (D:4)
  2 ball pythons
  6 bats
  3 giant cockroaches
  11 goblins
  11 hobgoblins
  6 jackals
  2 quokkas
  A frilled lizard (D:2)
  10 kobolds
  3 rats
77 creatures vanquished.

Notes
Turn   | Place    | Note
-------+----------+-------------------------------------------
     0 | D:1      | Descartes the Felid Monk began the quest for the Orb.
     0 | D:1      | Reached XP level 1. HP: 10/10 MP: 2/2
   383 | D:1      | Reached XP level 2. HP: 12/14 MP: 3/3
  1176 | D:2      | Reached XP level 3. HP: 10/17 MP: 4/4
  1360 | D:2      | Found an opulent altar of Gozag.
  1608 | D:2      | Found a blossoming altar of Fedhas.
  1797 | D:2      | Noticed Robin
  2103 | D:2      | Reached XP level 4. HP: 15/21 MP: 5/5
  2295 | D:2      | Killed Robin
  2739 | D:3      | Noticed Natasha
  2742 | D:3      | Killed Natasha
  2874 | D:3      | Reached XP level 5. HP: 24/24 MP: 6/6
  2948 | D:3      | Found a sparkling altar of Nemelex Xobeh.
  2948 | D:3      | Found a radiant altar of Vehumet.
  2949 | D:3      | Found a shimmering blue altar of Sif Muna.
  2959 | D:3      | Found a white marble altar of Elyvilon.
  3181 | D:3      | Found an iron altar of Okawaru.
  3219 | D:3      | Reached skill level 5 in Stealth
  3484 | D:3      | Noticed Natasha
  3495 | D:3      | Killed Natasha
  3721 | D:4      | Reached skill level 5 in Dodging
  3723 | D:4      | Gained mutation: You are covered in thick fur. (AC +2)
                  | [Felid growth]
  3723 | D:4      | Reached XP level 6. HP: 8/28 MP: 7/7
  4120 | D:4      | Noticed a slave
  4121 | D:4      | Noticed a slave
  4123 | D:4      | Noticed Pikel
  4145 | D:4      | Killed a slave
  4377 | D:4      | Noticed a slave
  4379 | D:4      | Noticed a slave
  4400 | D:4      | Slain by Pikel
  4401 | D:4      | Reached XP level 5. HP: -5/37 MP: 6/6
  4403 | D:4      | Found a sacrificial altar of Ru.
  4450 | D:4      | Found a hazy altar of Hepliaklqana.
  4516 | D:4      | Noticed Ijyb
  4562 | D:4      | Killed Ijyb
  4716 | D:4      | Slain by Pikel

Levels and vault maps discovered:
D:1:      saegor_arrival_simple_c, layout_basic, chequers_serial_rivers_small_3
D:2:      layout_basic, marbit_many_paths, fedhas_altar_1, uniq_robin
D:3:      layout_loops_ring, okawaru_altar_gauntlet_db,
          nicolae_overflow_quartered_altars, first_ration,
          kennysheep_generic_room_15, uniq_natasha
D:4:      layout_loops_cross, kennysheep_mini_moat, nicolae_ru_path_of_blood,
          lemuel_crystal_altar, uniq_ijyb, uniq_pikel, uniq_menkaure

Skill      XL: |  1  2  3  4  5 |
---------------+----------------+-----
Stealth        | 3 4 5 |  5.8
Unarmed Combat | 4 |  4.7
Dodging        | 5 |  5.1
Fighting       | |  3.8

Action                   |  1- 3 |  4- 6 || total
-------------------------+-------+-------++-------
Melee: Unarmed           |   126 |   192 ||   318
       Bite              |     9 |    13 ||    22
       Punch             |     1 |     1 ||     2
  Use: Potion            |       |     5 ||     5
 Stab: Sleeping          |     9 |     8 ||    17
       Distracted        |       |     1 ||     1
  Eat: Chunk             |    10 |     4 ||    14
Armor: Skin              |     6 |     5 ||    11
Dodge: Dodged            |    97 |   120 ||   217
Block: Other             |       |    16 ||    16
       Reflection        |       |     1 ||     1
